Unix NetHack Version 5.0.0-0 post-release - last build Jun 10 2026 00:39:30 (3ee93aec679c4c4259841fe613dc97188e26a321,branch:main).

Game began 2026-07-10 11:01:41, ended 2026-07-11 09:27:25.

Booker, lawful male human Knight

                      --------------          :
                      |[..@.[.<^...|       --------
                      |.....:h@....|       |......|      ..     n
                     #......_@Y@...-#      |......|##  |@..%. .
                     #|.....fgr...[|#     #-......|####..).......
           -----     #|......@.....|#   ###.......|#   |.....  ...
           |...| #####--------------#   # #----.---#     ------%--
           |...| #                  #   ##    ######           #
           |....##                 #u#####     ###             #
           |...|            ############         #             )
           |...|#############   ##   ##          ##           ##
           |....### #############     #-----------.-    ------|----
           -----                      #|.`.........|    |....p.+>.|
                                      #|...........|    |.r.......|
                                      #|...........|    |.........|
                                      #-..).......<|    |.........|
                                       -------+-----    -----------

Booker the Sergeant      St:15 Dx:11 Co:17 In:3 Wi:16 Ch:17  Lawful S:35466
Dlvl:7  $:5958 HP:0(81) Pw:86(86) AC:-12 Xp:10/7781 T:12366  Blind

Latest messages:
 The Green-elf is hit.
 The Green-elf misses!
 It misses!
 The carnivorous ape misses!
 The carnivorous ape misses!
 The master mind flayer hits!
 The master mind flayer's tentacles suck your brain!
 Your brain is eaten!
 You feel stupid!
 The master mind flayer's tentacles suck your brain again!
 Your hat blocks the attack to your head.
 The master mind flayer misses!
 The master mind flayer misses!
 The master mind flayer misses!
 The housecat misses!
 It engulfs you!
 You destroy the dust vortex!
 The housecat misses!
 The gargoyle misses!
 The gargoyle just misses!
 The gargoyle misses!
 The Green-elf misses!
 The newt misses!
 The carnivorous ape misses!
 The carnivorous ape misses!
 The master mind flayer hits!
 The master mind flayer's tentacles suck your brain!
 Your hat blocks the attack to your head.
 The master mind flayer's tentacles suck your brain again!
 Your hat blocks the attack to your head.
 The master mind flayer's tentacles suck your brain again!
 Your hat blocks the attack to your head.
 The master mind flayer's tentacles suck your brain again!
 Your hat blocks the attack to your head.
 The master mind flayer's tentacles suck your brain again!
 Your brain is eaten!
 You feel stupid!
 You hit the master mind flayer.
 You hit the master mind flayer.
 The housecat bites!
 It is missed.
 It misses.
 The Green-elf misses!
 The newt misses!
 The carnivorous ape hits!
 The carnivorous ape misses!
 The master mind flayer hits!
 The master mind flayer's tentacles suck your brain!
 Your brain is eaten!
 Your last thought fades away.

Inventory:
 Coins    ('$')
  $ - 5958 gold pieces
 Amulets  ('"')
  X - an uncursed amulet of guarding (being worn)
  U - an uncursed amulet of reflection
 Weapons  (')')
  a - the blessed rustproof +6 Excalibur (weapon in right hand)
  I - the uncursed rustproof +0 Sunsword
 Armor    ('[')
  z - an uncursed +0 elven leather helm (being worn)
  f - an uncursed burnt +0 pair of leather gloves (being worn)
  d - an uncursed +0 pair of iron shoes (being worn)
  e - an uncursed burnt +0 small shield (being worn)
  M - an uncursed burnt +5 dwarvish cloak (being worn)
  C - a blessed greased +3 silver dragon scale mail (being worn)
 Comestibles  ('%')
  g - 3 uncursed apples
  h - 3 uncursed carrots
  x - an uncursed tripe ration
  T - an uncursed lizard corpse
 Scrolls  ('?')
  V - 2 uncursed scrolls of confuse monster
  G - an uncursed scroll of create monster
  Q - an uncursed scroll of enchant armor
  b - a cursed scroll of fire
  k - an uncursed scroll of genocide
  R - 3 blessed scrolls of identify
  H - a cursed scroll of magic mapping
  S - 3 uncursed scrolls of remove curse
 Potions  ('!')
  t - an uncursed potion of confusion
  u - an uncursed potion of gain level
  q - 4 uncursed potions of healing
  j - an uncursed potion of object detection
  y - an uncursed potion of sleeping
  p - a potion of holy water
 Rings    ('=')
  v - an uncursed ring of shock resistance (on right hand)
  w - an uncursed ring of stealth (on left hand)
 Wands    ('/')
  O - an uncursed wand of create monster (0:9)
  K - an uncursed wand of digging (0:5)
  A - an uncursed wand of fire (0:4)
  n - an uncursed wand of lightning (0:3)
  F - an uncursed wand of magic missile (0:4)
  i - an uncursed wand of polymorph (0:1)
  Y - an uncursed wand of sleep (0:8)
  B - an uncursed wand of striking (0:5)
 Tools    ('(')
  E - an uncursed blindfold (being worn)
  P - an uncursed magic marker (0:64)
  L - a blessed oil lamp
  s - an uncursed +0 pick-axe
  l - an uncursed skeleton key
 Gems/Stones  ('*')
  Z - 3 uncursed amethyst stones
  J - an uncursed jacinth stone
  m - an uncursed worthless piece of orange glass
  r - a blessed luckstone

Booker the Knight's attributes:

Background:
 You were a Sergeant, a level 10 male human Knight.
 You were lawful, on a mission for Lugh
 who was opposed by Brigit (neutral) and Manannan Mac Lir (chaotic).
 You were right-handed.
 You were in the Dungeons of Doom, on level 7.
 You entered the dungeon 12366 turns ago.
 You had 7781 experience points, 2219 more were needed to attain level 11.
 Your score was 35466 before end-of-game adjustments.

Basics:
 You had 0 out of 81 hit points.
 You had all 86 energy points (spell power).
 Your armor class was -12.
 Your wallet contained 5958 zorkmids.
 Autopickup was off.

Final Characteristics:
 Your strength was 15 (peak:16, limit:18/100).
 Your dexterity was 11 (limit:18).
 Your constitution was 17 (limit:18).
 Your intelligence was 3 (peak:7, limit:18).
 Your wisdom was 16 (limit:18).
 Your charisma was 17 (limit:18).

Final Status:
 You were deliberately blind.
 You weren't hungry.
 You were unencumbered.
 You were wielding a long sword.
 You had expert skill with long sword.

Final Attributes:
 You were piously aligned.
 Your items were somewhat protected from fire.
 You were cold resistant.
 Your items were somewhat protected from cold.
 You were shock resistant.
 Your items were protected from electric shocks.
 You were poison resistant.
 You were level-drain resistant.
 You were telepathic.
 You had automatic searching.
 You were stealthy.
 You aggravated monsters.
 You could jump.
 You had a small defense bonus (+2).
 You were protected.
 You were fast.
 You had reflection.
 You were lucky.
 You had extra luck.
 Good luck did not time out for you.
 You are dead.

Miscellaneous:
 You disabled loading and storing of bones levels.
 Total elapsed playing time was 3 hours, 28 minutes and 31 seconds.

Major events:
 Turn
    1: Booker the lawful male human Knight entered the dungeon
 1397: entered the Gnomish Mines
 1806: attained the rank of Esquire (level 3)
 3050: entered Sokoban
 3132: attained the rank of Bachelor (level 6)
 3220: was given Excalibur by the Lady of the Lake
 3798: completed 1st Sokoban level
 4247: completed 2nd Sokoban level
 5100: completed 3rd Sokoban level
 5759: completed 4th Sokoban level
 6219: acquired the Sokoban amulet of reflection
 6677: Glenbeigh, the second-hand bookstore proprietrix, has been killed
 7343: reached Mine Town
 9010: attained the rank of Sergeant (level 10)
 9928: acquired the Mines' End luckstone
10421: was bestowed with Sunsword by Lugh
12172: made his first wish - "blessed greased +2 silver dragon scale mail", got "a greased silver dragon scale mail"
12366: killed by brainlessness

You didn't know any spells.

Skills:
 Fighting Skills
   bare handed combat [Unskilled]
   two weapon combat  [Unskilled]
   riding             [Basic]
 Weapon Skills
   dagger             [Unskilled]
   knife              [Unskilled]
   axe                [Unskilled]
   pick-axe           [Unskilled]
   short sword        [Unskilled]
   broadsword         [Unskilled]
   long sword         [Expert]
   two-handed sword   [Unskilled]
   saber              [Unskilled]
   club               [Unskilled]
   mace               [Unskilled]
   morning star       [Unskilled]
   flail              [Unskilled]
   hammer             [Unskilled]
   polearms           [Unskilled]
   spear              [Unskilled]
   trident            [Unskilled]
   lance              [Basic]
   bow                [Unskilled]
   crossbow           [Unskilled]
 Spellcasting Skills
   attack spells      [Unskilled]
   healing spells     [Unskilled]
   clerical spells    [Unskilled]

Voluntary challenges:
 Character rerolling was not enabled.
 You never genocided any monsters.
 You never changed form.
 You used 1 wish.
 You did not wish for any artifacts.
 You did not violate any of the special Sokoban rules.
Achievements:
 You entered a shop.
 You entered the Gnomish Mines.
 You attained the rank of Esquire.
 You entered Sokoban.
 You attained the rank of Bachelor.
 You completed Sokoban.
 You entered Minetown.
 You entered a temple.
 You attained the rank of Sergeant.
 You completed the Gnomish Mines.

 The Dungeons of Doom: levels 1 to 7
    Level 1:
    Level 2:
    Level 3:
       A vegetarian food shop.
    Level 4:
       A scroll shop, some fountains.
       Stairs down to The Gnomish Mines.
    Level 5:
       A general store.
    Level 6:
       Some fountains.
       Oracle of Delphi.
    Level 7: "helm near altar" <- You were here.
       An altar to Lugh.
       Stairs up to Sokoban, level 6.
       Final resting place for
          you, killed by brainlessness.
 The Gnomish Mines: levels 5 to 12
    Level 5:
    Level 6:
    Level 7:
       Many shops, a temple and an altar to Lugh, some fountains, some trees.
    Level 8:
    Level 9:
    Level 10:
    Level 11:
    Level 12:
       A fountain.
 Sokoban: levels 6 up to 3
    Level 3:
       Solved.
    Level 4:
       Solved.
    Level 5:
       Solved.
    Level 6:
       Solved.


Vanquished creatures:
  a shopkeeper
  a golden naga
  2 vampires
  2 giant mimics
  a giant mummy
  a giant zombie
  a warg
  4 small mimics
  2 ettin mummies
  a troll
  3 pyrolisks
  4 freezing spheres
  3 flaming spheres
  a tiger
 an ochre jelly
  2 energy vortices
  3 human mummies
  a python
  a wraith
  4 Grey-elves
  a watchman
  4 chameleons
  a crocodile
  3 giant beetles
  2 quivering blobs
  a cockatrice
  6 wolves
  2 winter wolf cubs
  2 leprechauns
 an orc-captain
  6 giant spiders
  2 horses
  a black light
  2 vampire bats
  2 gnome rulers
  3 orc mummies
  a dwarf mummy
 an ogre
  3 owlbears
  a yeti
  a gold golem
  a werewolf
  a lizard
  2 jaguars
  a blue jelly
  a dust vortex
  a raven
  2 plains centaurs
  2 gnome mummies
  2 snakes
  3 apes
  a human zombie
  2 rope golems
  2 soldier ants
  a fire ant
 an imp
  2 quasits
  2 wood nymphs
  2 water nymphs
  2 mountain nymphs
  a Mordor orc
  4 Uruk-hai
 an orc shaman
  4 rock piercers
  3 rock moles
  2 ponies
 12 fog clouds
  4 yellow lights
  a violet fungus
 13 gnome leaders
  2 gnomish wizards
  2 kobold mummies
  2 red naga hatchlings
  a barrow wight
 an elf zombie
  2 ghouls
  2 paper golems
  3 giant ants
  a little dog
  3 floating eyes
  a kitten
  9 dwarves
  3 homunculi
  3 kobold shamans
  4 hill orcs
  6 rothes
  a rabid rat
  4 centipedes
  a giant bat
  2 monkeys
  3 orc zombies
  2 dwarf zombies
  3 werejackals
  7 iguanas
 11 killer bees
  2 acid blobs
  a coyote
  2 hobbits
  3 manes
  2 hobgoblins
  2 giant rats
  a cave spider
  2 brown molds
  a yellow mold
  a green mold
 59 gnomes
  7 geckos
 10 jackals
  5 foxes
  a kobold
  3 goblins
  4 sewer rats
  5 grid bugs
  a bat
  7 lichens
  3 kobold zombies
  9 newts
371 creatures vanquished.

No species were genocided or became extinct.

Game over:
                       ----------
                      /          \
                     /    REST    \
                    /      IN      \
                   /     PEACE      \
                  /                  \
                  |      Booker      |
                  |     5958 Au      |
                  |    killed by     |
                  |  brainlessness   |
                  |                  |
                  |                  |
                  |       2026       |
                 *|     *  *  *      | *
        _________)/\\_//(\/(/\)/\//\/|_)_______

Fare thee well Booker the Knight...

You died in The Dungeons of Doom on dungeon level 7 with 34871 points,
and 5958 pieces of gold, after 12366 moves.
You were level 10 with a maximum of 81 hit points when you died.

